 Dungeon Crawl Stone Soup version 0.30-a0-870-gc5d4c5acee (webtiles) character file.

Game seed: 13219239749538083331

26 avis the Insei (level 3, -2/29 HPs)
             Began as a Hill Orc Transmuter on Mar 12, 2023.
             Killed from afar by an orc wizard (6 damage)
             ... with a magic dart
             ... on level 2 of the Dungeon.
             The game lasted 00:04:57 (1425 turns).

avis the Insei (Hill Orc Transmuter)                Turns: 1425, Time: 00:04:58

Health: -2/29      AC:  2    Str: 12    XL:     3   Next: 8%
Magic:  3/5        EV: 12    Int: 13    God:
Gold:   65         SH:  0    Dex: 13    Spells: 4/5 levels left

rFire   . . .      SeeInvis .      - Unarmed
rCold   . . .      Faith    .    (no shield)
rNeg    . . .      Spirit   .    a - +0 robe
rPois   .          Reflect  .    (helmet currently unavailable)
rElec   .          Rampage  .    (no cloak)
rCorr   .                        (no gloves)
Will    .....                    (boots currently unavailable)
Stlth   +                        (no amulet)
HPRegen 0.24/turn                (no ring)
MPRegen 0.09/turn                (no ring)

@: appendages (expiring)
A: horns 2, talons 2
a: End Transformation


You were on level 2 of the Dungeon.
You had temporarily grown beastly horns and talons.
You visited 1 branch of the dungeon, and saw 2 of its levels.

You collected 65 gold pieces.

Inventory:

Hand Weapons
 e - a +0 trident
 j - a +1 short sword of holy wrath
Missiles
 k - 7 poisoned darts
Armour
 a - a +0 robe (worn)
 d - a +0 buckler
Scrolls
 c - a scroll of fear {unknown}
 f - a scroll of teleportation {unknown}
 g - a scroll of enchant weapon {unknown}
 h - a scroll of silence {unknown}
Potions
 b - 3 potions of lignification


   Skills:
 - Level 2.0 Fighting
 - Level 2.0 Dodging
 - Level 4.0 Unarmed Combat
 * Level 1.6 Spellcasting
 - Level 1.3 Transmutations


You had 4 spell levels left.
You knew the following spells:

 Your Spells              Type           Power      Damage    Failure   Level
a - Beastly Appendage     Tmut           8%         N/A       16%         1

Your spell library contained the following spells:

 Spells                   Type           Power      Damage    Failure   Level
 Wereblood                Tmut           4%         N/A       22%         2
 Spider Form              Tmut/Pois      2%         N/A       52%         3
 Ice Form                 Ice/Tmut       2%         N/A       89%         4


Dungeon Overview and Level Annotations

Branches:
Dungeon (2/15)

Altars:


Innate Abilities, Weirdness & Mutations

You have temporarily grown beastly horns and talons.


Message History

The orc hits you with a +0 club.
You barely miss the orc. Your kick misses the orc. You headbutt the orc.
The orc is severely wounded.
The orc barely misses you.
You hit the orc but do no damage. You claw the orc.
The orc is almost dead.
Your horns disappear.
Your talons disappear.
The orc completely misses you.
Casting: Beastly Appendage (safe; 16% risk of failure)
Confirm with . or Enter, or press ? or * to list all spells.
You grow a pair of large bovine horns.
Your feet morph into talons.
The orc hits you with a +0 club.
You hit the orc.
You kill the orc!
You have reached level 3!
Your experience leads to an increase in your attributes!
Increase (S)trength, (I)ntelligence, or (D)exterity?
You feel agile. x2
Your transformation is almost over.
You hit the orc.
The orc is heavily wounded.
The orc hits you with a +0 short sword.
You hit the orc but do no damage. Your kick misses the orc.
You headbutt the orc.
You kill the orc!
Training target 2.0 for Dodging reached!
Your Dodging skill increases to level 2!
You need to enable at least one skill for training.
You hit something. You claw something. Something hits you.
* * * LOW HITPOINT WARNING * * *
You miss something. Something barely misses you.
You miss something. Your kick misses something. Something hits you.
* * * LOW HITPOINT WARNING * * *
You closely miss something. Your headbutt misses something. Something hits you.
* * * LOW HITPOINT WARNING * * *
You completely miss something. You claw something.
You hear some strange, mumbled words.
A magic dart appears from out of thin air!
The magic dart hits you.
You die...

#...# #.#.#....
#...# #...#....
#####...#
..#.#.#..
#.....).#
..#.#.#..
#.......#
.#.#..
#.#######
#.#.### #.#
#.#. #.######
..#. #...@{.#
######.#
#..........
.....o#.#.#.#
#.###..........
#...#.#.#.#
##.........
#..#.#.#.#
#.........


There were no monsters in sight!

Vanquished Creatures
  3 orcs (D:2)
  An endoplasm (D:1)
  A goblin (D:1)
  2 hobgoblins
  4 jackals (D:1)
  4 kobolds
  A quokka (D:1)
  A bat (D:1)
  A frilled lizard (D:1)
  4 rats (D:1)
22 creatures vanquished.

Notes
Turn   | Place    | Note
-------+----------+-------------------------------------------
     0 | D:1      | avis the Hill Orc Transmuter began the quest for the Orb.
     0 | D:1      | Reached XP level 1. HP: 16/16 MP: 3/3
   353 | D:1      | Reached XP level 2. HP: 16/24 MP: 2/4
  1052 | D:1      | Reached skill level 4 in Unarmed Combat
  1418 | D:2      | Reached XP level 3. HP: 13/29 MP: 3/5
  1425 | D:2      | Killed from afar by an orc wizard

Illustrated notes

Levels and vault maps discovered:
D:1:      dpeg_arrival_arbitrary_b, layout_basic, serial_bayou_pond_d,
          serial_bayou_crossing
D:2:      layout_loops_ring, serial_co_window_serial, co_window_paths_a,
          co_window_paths_b, co_window_of_opportunity_a, co_window_corner_a,
          co_window_paths_a, co_window_corner_a, co_window_of_opportunity_a,
          co_window_of_opportunity_a, co_window_of_opportunity_a,
          co_window_broadway_b, co_window_2corner, co_window_unsneaky_path_a,
          glass_columns_c, glass_columns_a, glass_columns_a,
          uniq_crazy_yiuf_cottage

Skill      XL: |  1  2  3 |
---------------+----------+-----
Fighting       | 2 |  2.0
Unarmed Combat | 4 |  4.0
Dodging        | 2 |  2.0
Spellcasting   | |  1.6
Transmutations | |  1.3

Action                     || total
---------------------------++-------
  Melee: Unarmed           ||    71
         Kick              ||     7
         Headbutt          ||     4
   Cast: Beastly Appendage ||     5
 Armour: Robe              ||     8
  Dodge: Dodged            ||    31

Table legend: (Time is in decaauts)
 A = Elapsed time spent in this place.
 B = Non-inter-level travel time spent in this place.
 C = Inter-level travel time spent in this place.
 D = Time resting spent in this place.
 E = Time spent auto-exploring this place.
 F = Levels seen in this place.
 G = Mean time per level.
                   A        B        C        D        E       F      G
               +--------+--------+--------+--------+--------+-----+--------+
         Total |   1427 |   1236 |    191 |     32 |    982 |   2 |  713.5 |
       Dungeon |   1427 |   1236 |    191 |     32 |    982 |   2 |  713.5 |
               +--------+--------+--------+--------+--------+-----+--------+

Top non-repeatable levels by time:
     D:1: 1287 daAuts
     D:2: 140 daAuts
